 Dungeon Crawl Stone Soup version 0.31.0-9-g3a7656b989 (console) character file.

Game seed: 4521546320912310269

255 AlterAsc the Changeling (level 6, 0/57 HPs)
             Began as an Octopode Shapeshifter on Jan 25, 2024.
             Was a Priest of Makhleb.
             Slain by a phantom (5 damage)
             ... on level 5 of the Dungeon.
             The game lasted 00:05:31 (3039 turns).

AlterAsc the Changeling (Octopode Shapeshifter)     Turns: 3039, Time: 00:05:32

Health: 0/57       AC: 23    Str: 15    XL:     6   Next: 15%
Magic:  6/6        EV:  2    Int: 12    God:    Makhleb [***...]
Gold:   170        SH:  0    Dex: 12    Spells: 5/5 levels left

rFire   . .          .
                       - Unarmed
rCold   . . .        (no shield)
rNeg    . . .        (helmet currently unavailable)
rPois   +            (no amulet)
rElec   .            (no ring)
rCorr   .            (no ring)
SInv    .            (no ring)
Will    .....        (no ring)
Stlth   +            (no ring)
HPRegen 0.29/turn    (no ring)
MPRegen 0.10/turn    (no ring)
                     (no ring)

%: no passive effects
@: tree-form
A: stationary, stasis, torment immunity, boosted hp, almost no armour,
(amphibious), 8 rings, (camouflage 1), (gelatinous body 1), (nimble swimmer 1),
(tentacles)
a: Renounce Religion, Minor Destruction, Lesser Servant of Makhleb


You were on level 5 of the Dungeon.
You worshipped Makhleb.
Makhleb was most pleased with you.
You were a tree.
You visited 1 branch of the dungeon, and saw 5 of its levels.

You collected 250 gold pieces.
You spent 80 gold pieces at shops.

Inventory:

Missiles
 d - 21 stones (quivered)
Talismans
 b - a beast talisman
 c - a flux talisman
 o - a beast talisman
Scrolls
 e - a scroll of silence {unknown}
 g - 2 scrolls of enchant armour {unknown}
 h - 4 scrolls of teleportation {unknown}
 i - a scroll of identify {unknown}
 j - 3 scrolls of enchant weapon {unknown}
 k - a scroll of poison {unknown}
 q - a scroll of brand weapon {unknown}
 s - a scroll of noise {unknown}
Potions
 a - 3 potions of lignification
 f - 3 potions of degeneration {unknown}
 l - a potion of curing {unknown}
 m - 4 potions of attraction
 n - 3 potions of heal wounds
 p - a potion of mutation {unknown}
 r - 2 potions of haste {unknown}
 t - a potion of might {unknown}
 u - a potion of berserk rage {unknown}


   Skills:
 - Level 1.0 Fighting
 - Level 2.0 Dodging
 + Level 4.5 Unarmed Combat
 - Level 5.3 Shapeshifting


You had 5 spell levels left.
You didn't know any spells.
Your spell library contained the following spells:

 Spells                   Type           Power      Damage    Failure   Level
 Sublimation of Blood     Necr           0%         N/A       45%         2
 Stone Arrow              Conj/Erth      0%         3d7       69%         3
 Martyr's Knell           Necr/Summ      0%         N/A       97%         4
 Curse of Agony           Necr           0%         N/A       100%        5


Dungeon Overview and Level Annotations

Branches:
Dungeon (5/15)
 Temple: D:4-7

Altars:
Makhleb

Shops:
D:4 !


Innate Abilities, Weirdness & Mutations

You are a tree.
Your roots penetrate the ground, keeping you stationary.
You cannot be teleported.
You are immune to unholy pain and torment.
Your maximum health is greatly increased.
You cannot wear most types of armour.
((You are amphibious.))
You can wear up to eight rings at the same time.
((Your skin changes colour to match your surroundings (Stealth+).))
((Your rubbery body absorbs attacks. (AC +1, EV +1)))
((You are camouflaged when in or above water. (Stealth+)))
((You have tentacles for arms and can constrict up to eight enemies at once.))


Message History

The phantom is lightly damaged.
The phantom closely misses you. The orc hits you with a +0 hand axe.
You tentacle-slap the phantom.
The phantom is moderately damaged.
The phantom hits you but does no damage.
You tentacle-slap the phantom. Your squeeze misses the phantom.
The phantom is heavily damaged.
You bludgeon the phantom!
You squeeze the phantom, but do no damage.
The phantom is severely damaged.
The phantom hits you.
The phantom blinks!
You blink.
The orc hits you with a +0 hand axe. The orc attacks as it pursues you!
The orc barely misses you. The orc closely misses you.
The orc hits you with a +0 hand axe. The phantom attacks as it pursues you!
The phantom barely misses you. The orc completely misses you.
The orc hits you from afar with a +3 trident.
You bludgeon the orc!
You kill the orc!
Makhleb accepts your kill. The phantom hits you.
The phantom blinks!
You blink.
The orc barely misses you. The orc attacks as it pursues you!
The orc hits you with a +0 hand axe!
* * * LOW HITPOINT WARNING * * *
The orc attacks as it pursues you! The orc hits you with a +0 hand axe.
* * * LOW HITPOINT WARNING * * *
You bludgeon the orc!
You kill the orc!
Makhleb accepts your kill.
You feel better.
Really quaff the potion of lignification?
Your transformation has ended.
You turn into a tree.
Your roots penetrate the ground.
The orc hits you with a +0 mace.
* * * LOW HITPOINT WARNING * * *
The orc hits you but does no damage.
The phantom hits you but does no damage.
You smack the orc!
You kill the orc!
Makhleb accepts your kill.
The orc hits you from afar with a +3 trident.
* * * LOW HITPOINT WARNING * * *
The phantom hits you.
You die...

####
#######).#
:........#
......oo####
#########)W..#
#.....# #♣##.#
#.###.###.# #
#.# #.....#
#.#########
#.....#
#####.# #.#
#.# #.# #.#
#.#


You could see a phantom and 2 orcs.

Vanquished Creatures
  3 hounds (D:4)
  A bombardier beetle (D:4)
  Robin (D:3)
  4 adders
  2 ribbon worms
  2 dart slugs (D:4)
  4 orcs
  7 ball pythons
  5 endoplasms
  3 giant cockroaches
  7 goblins
  9 hobgoblins
  4 jackals (D:3)
  8 quokkas
  3 bats
  3 frilled lizards
  4 kobolds
  3 rats (D:2)
73 creatures vanquished.

Notes
Turn   | Place    | Note
-------+----------+-------------------------------------------
     0 | D:1      | AlterAsc the Octopode Shapeshifter began the quest for the
                  | Orb.
     0 | D:1      | Reached XP level 1. HP: 13/13 MP: 1/1
    36 | D:1      | Found a faded altar of an unknown god.
    55 | D:1      | Prayed at the altar of an unknown god.
    55 | D:1      | Became a worshipper of Makhleb the Destroyer
    55 | D:1      | Reached * piety under Makhleb
   184 | D:1      | Reached XP level 2. HP: 18/18 MP: 2/2
   746 | D:2      | Reached XP level 3. HP: 23/23 MP: 3/3
   763 | D:2      | Reached ** piety under Makhleb
  1315 | D:3      | Reached XP level 4. HP: 17/28 MP: 4/4
  1604 | D:3      | Noticed Robin
  1614 | D:3      | Killed Robin
  1701 | D:3      | Got the Parchment of Oromancy and Death
  2213 | D:4      | Reached skill level 4 in Shapeshifting
  2213 | D:4      | Reached XP level 5. HP: 26/33 MP: 5/5
  2334 | D:4      | Reached skill level 5 in Shapeshifting
  2577 | D:4      | Reached XP level 6. HP: 38/38 MP: 6/6
  2880 | D:4      | Found Dufac's Distillery.
  2884 | D:4      | Bought a potion of heal wounds for 50 gold pieces
  2884 | D:4      | Bought a potion of attraction for 30 gold pieces
  2933 | D:4      | Reached *** piety under Makhleb
  2991 | D:5      | Entered Level 5 of the Dungeon
  3039 | D:5      | Slain by a phantom

Illustrated notes

Levels and vault maps discovered:
D:1:      amcnicky_arrival_gap_in_the_tavern_cellar, layout_rooms,
          ebering_ecumenical_altar_rust
D:2:      layout_basic
D:3:      layout_basic, grunt_decor_arrowhead, uniq_robin
D:4:      layout_basic, serial_shops, shop, minmay_misc_feat_plants
D:5:      layout_basic, chequers_temple_overflow_statue_of_worship, uniq_ijyb,
          uniq_pikel

Skill      XL: |  1  2  3  4  5 |
---------------+----------------+-----
Unarmed Combat | 4 |  4.5
Shapeshifting  | 4 5 |  5.3
Fighting       | |  1.0
Dodging        | |  2.0

Action                     |  1- 3 |  4- 6 || total
---------------------------+-------+-------++-------
  Melee: Unarmed           |    75 |    62 ||   137
         Constrict         |    17 |    14 ||    31
         Tentacles         |    14 |    14 ||    28
         Punch             |     3 |     2 ||     5
  Throw: Stone             |     2 |       ||     2
    Use: Potion            |       |     1 ||     1
   Stab: Sleeping          |     5 |    10 ||    15
         Distracted        |     1 |       ||     1
 Armour: Skin              |    29 |    36 ||    65
  Dodge: Dodged            |    41 |    29 ||    70
